 Dungeon Crawl Stone Soup version 0.29-a0-319-gad05b8d819 (webtiles) character file.

Game seed: 15945875739588028802

63 avis the Ruffian (level 3, -4/29 HPs)
             Began as a Demigod Transmuter on Apr 2, 2022.
             Slain by an orc priest
             ... wielding a +0 falchion
              (7 damage)
             ... on level 3 of the Dungeon.
             The game lasted 00:10:43 (2507 turns).

avis the Ruffian (Demigod Transmuter)               Turns: 2507, Time: 00:10:44

Health: -4/29      AC:  2    Str: 15    XL:     3   Next: 61%
Magic:  5/8        EV: 19    Int: 15    God:
Gold:   160        SH:  0    Dex: 19    Spells: 1/5 levels left

rFire   . . .      SeeInvis .     - Unarmed
rCold   . . .      Faith    .   (shield currently unavailable)
rNeg    . . .      Spirit   .   (body armour currently unavailable)
rPois   x          Reflect  .   (helmet currently unavailable)
rElec   .          Harm     .   (cloak currently unavailable)
rCorr   .          Rampage  .   (gloves currently unavailable)
Will    .....                   (boots currently unavailable)
Stlth   +.........              (no amulet)
HPRegen 0.09/turn               (no ring)
MPRegen 0.11/turn               (no ring)

@: confused, spider-form
A: venomous fangs, tiny, high MP 1, forlorn, divine attributes
a: End Transformation


You were on level 3 of the Dungeon.
You were a venomous arachnid creature.
You visited 1 branch of the dungeon, and saw 3 of its levels.

You collected 160 gold pieces.

Inventory:

Missiles
 g - 22 stones
Armour
 a - a +0 robe
 h - a +0 chain mail
 q - a +0 leather armour (melded)
 r - the +3 cloak "Kaup" (melded) {Drain rPois rN+ Dex+9}
   (You found it on level 2 of the Dungeon)

   Dex:       It affects your dexterity (+9).
   rPois:     It protects you from poison.
   rN:        It protects you from negative energy.
   Drain:     It drains your maximum health when unequipped.
Jewellery
 d - a ring of fire
Scrolls
 f - 4 scrolls of blinking {unknown}
 i - 3 scrolls of identify {unknown}
 j - a scroll of enchant weapon {unknown}
 k - a scroll of fear {unknown}
 n - a scroll of torment {unknown}
 o - a scroll of teleportation {unknown}
 s - a scroll of immolation {unknown}
 u - a scroll of fog {unknown}
 v - a scroll of enchant armour {unknown}
 w - a scroll of magic mapping {unknown}
Potions
 b - a potion of lignification
 c - 2 potions of curing {unknown}
 e - a potion of mutation {unknown}
 l - a potion of brilliance {unknown}
 m - a potion of haste {unknown}
 p - a potion of magic {unknown}
 t - a potion of attraction {unknown}


   Skills:
 - Level 2.0 Fighting
 - Level 2.0 Dodging
 - Level 2.0 Stealth
 - Level 3.0 Unarmed Combat
 - Level 1.7 Spellcasting
 - Level 2.0 Transmutations
 * Level 0.5 Poison Magic


You had one spell level left.
You knew the following spells:

 Your Spells              Type           Power      Damage    Failure   Level
a - Beastly Appendage     Tmut           14%        N/A       24%         1
p - Spider Form           Tmut/Pois      5%         N/A       61%         3

Your spell library contained the following spells:

 Spells                   Type           Power      Damage    Failure   Level
 Wereblood                Tmut           7%         N/A       34%         2
 Sublimation of Blood     Necr           1%         N/A       56%         2
 Ice Form                 Ice/Tmut       4%         N/A       94%         4
 Summon Hydra             Summ           0%         N/A       100%        7


Dungeon Overview and Level Annotations

Branches:
Dungeon (3/15)


Innate Abilities, Weirdness & Mutations

You are a venomous arachnid creature.
You have poisonous fangs.
You are tiny and dextrous.
Your spellcasting is less reliable in this form.
Your armour is entirely melded.
You are incapable of wielding weapons or throwing items.
You have an increased reservoir of magic. (+10% MP)
You shall have no god before yourself.
Your divine heritage dramatically boosts your attributes as you level up.


Message History

You barely miss something. Your headbutt misses something.
Your transformation is almost over.
Something hits you.
You hit something but do no damage. Something hits you but does no damage.
You closely miss something. Your headbutt misses something.
You hear some strange, mumbled words.
A magic dart appears from out of thin air!
The magic dart hits you.
You miss something. You headbutt something. Something hits you.
You completely miss something.
An orc priest comes into view. It is wielding a +0 falchion.
Something hits you but does no damage.
You hit something. You claw something. Your headbutt misses something.
Something hits you but does no damage.
You miss something. Your kick misses something. Your headbutt misses something.
You hear some strange, mumbled words.
A puff of flame appears from out of thin air!
The puff of flame hits you!
You hit something. You claw something. Your headbutt misses something.
Something hits you but does no damage.
You hit something.
The orc priest invokes the aid of Beogh against you.
Beogh smites you!
* * * LOW HITPOINT WARNING * * *
Something hits you but does no damage.
You hear a shout!
Casting: Beastly Appendage (safe; 12% risk of failure)
Confirm with . or Enter, or press ? or * to list all spells.
The spell is extremely dangerous to miscast (45% risk of failure)!
Continue anyway?
Your horns disappear.
Your talons disappear.
You turn into a venomous arachnid creature.
The +3 cloak "Kaup" {Drain rPois rN+ Dex+9} melds into your body.
Your +0 leather armour melds into your body.
You hear some strange, mumbled words.
You are confused.
A bat comes into view. x2
The bat moves out of view.
The orc priest attacks as you move away!
The orc priest hits you with a +0 falchion!
You die...

#.. #.# .. #.# #b##
#.##.# ... #.##.# ..
##.##.#
#.#########...#.#
######o#.............#
......{s.)...........#
##.###.########......#
... ##..†..### +++#
##....... #.#.####
#.#.# #.#.# #.#.####
........


You could see an orc priest and a bat.

Vanquished Creatures
  An iguana (D:3)
  An adder (D:3)
  A ball python (D:1)
  4 endoplasms
  A giant cockroach (D:1)
  3 goblins
  6 hobgoblins
  3 kobolds
  2 quokkas
  2 bats
  2 frilled lizards (D:1)
  A rat (D:1)
27 creatures vanquished.

Notes
Turn   | Place    | Note
-------+----------+-------------------------------------------
     0 | D:1      | avis the Demigod Transmuter began the quest for the Orb.
     0 | D:1      | Reached XP level 1. HP: 15/15 MP: 5/5
    33 | D:1      | Reached skill level 1 in Fighting
   231 | D:1      | Reached skill level 3 in Unarmed Combat
   438 | D:1      | Reached skill level 1 in Stealth
   444 | D:1      | Reached XP level 2. HP: 9/23 MP: 5/7
  1798 | D:2      | Identified the +3 cloak "Kaup" {Drain rPois rN+ Dex+9}
  2130 | D:3      | Reached XP level 3. HP: 16/29 MP: 6/8
  2285 | D:3      | Learned a level 3 spell: Spider Form
  2507 | D:3      | Slain by an orc priest

Illustrated notes

Levels and vault maps discovered:
D:1:      mrwooster_arrival_arrow, layout_loops_ring
D:2:      layout_basic
D:3:      layout_loops_ring, kennysheep_cross_bottleneck, roderic_batcave

Skill      XL: |  1  2  3 |
---------------+----------+-----
Fighting       | 1 2 |  2.0
Unarmed Combat | 3 |  3.0
Stealth        | 1 2 |  2.0
Dodging        | 2 |  2.0
Transmutations | 2 |  2.0
Spellcasting   | |  1.7
Poison Magic   | |  0.5

Action                   || total
-------------------------++-------
Melee: Unarmed           ||    69
       Kick              ||    21
       Headbutt          ||    12
 Cast: Beastly Appendage ||    26
       Spider Form       ||     1
 Stab: Sleeping          ||     2
Armor: Robe              ||     8
       Leather armour    ||     8
Dodge: Dodged            ||    16

Table legend: (Time is in decaauts)
 A = Elapsed time spent in this place.
 B = Non-inter-level travel time spent in this place.
 C = Inter-level travel time spent in this place.
 D = Time resting spent in this place.
 E = Time spent auto-exploring this place.
 F = Levels seen in this place.
 G = Mean time per level.
                   A        B        C        D        E       F      G
               +--------+--------+--------+--------+--------+-----+--------+
         Total |   2506 |   2368 |    138 |    728 |   1249 |   3 |  835.3 |
       Dungeon |   2506 |   2368 |    138 |    728 |   1249 |   3 |  835.3 |
               +--------+--------+--------+--------+--------+-----+--------+

Top non-repeatable levels by time:
     D:1: 1227 daAuts
     D:2: 858 daAuts
     D:3: 419 daAuts
